Map: Frozen Temple

Players

GoryLoM

  • Race: Zerg Zerg
  • League: Diamond

ricemonkey - Winner!

  • Race: Terran Terran
  • League: Diamond

VOD

Have the link to the VOD?

Description

test

Time

  • Played on: July 11, 2016, 8:33 p.m.
  • Length: 8:46
Show
View Real Time Build Order
Export as new Build Order

GoryLoM Zerg 

Build Orders: Hatch First 

Get SALT Encoding   

  12  0:01  Drone  
  13  0:08  Drone  
  14  0:17  Overlord  
  14  0:35  Drone x3  
  17  0:54  Hatchery  
  16  0:57  Drone  
  16  1:00  Drone  
  18  1:14  Spawning Pool  
  18  1:16  Drone  
  18  1:20  Extractor, Drone  
  18  1:29  Overlord  
  18  1:50  Drone  
  19  2:02  Zergling x4, Queen  
  19  2:07  Queen  
  25  2:09  Drone  
  26  2:17  Drone  
  26  2:18  Drone  
  26  2:21  Metabolic Boost  
  27  2:32  Drone  
  27  2:36  Drone x2  
  30  2:39  Overlord  
  30  2:50  Drone  
  31  2:52  Drone  
  32  3:00  Drone  
  32  3:01  Overlord  
  34  3:05  Drone  
  34  3:08  Queen  
  34  3:11  Roach Warren  
  35  3:33  Drone x2  
  35  3:34  Drone  
  38  3:35  Drone x4  
  42  3:47  Hatchery  
  40  3:59  Zergling x6  
  40  4:00  Zergling x2  
  43  4:03  Overlord  
  43  4:06  Drone  
  43  4:07  Overlord, Drone  
  45  4:11  Extractor  
  45  4:15  Evolution Chamber  
  43  4:27  Drone x2  
  45  4:40  Drone x3  
  45  4:41  Zerg Missile Weapons Level 1, Lair  
  45  4:42  Roach x2  
  45  4:43  Roach  
  54  4:55  Extractor  
  54  4:57  Burrow  
  53  5:07  Drone x5  
  53  5:08  Roach x4  
  53  5:09  Roach  
  53  5:11  Spore Crawler  
  67  5:14  Spore Crawler  
  66  5:23  Drone x2  
  68  5:31  Drone x3  
  68  5:32  Drone x2  
  68  5:33  Overlord  
  73  5:35  Overlord  
  73  5:39  Overlord  
  73  5:41  Tunneling Claws  
  66  5:56  Roach x4  
  72  6:06  Queen  
  72  6:07  Drone x4  
  79  6:11  Drone x4  
  82  6:21  Drone x2  
  84  6:26  Overlord  
  84  6:27  Overlord  
  84  6:32  Overlord x2  
  84  6:35  Zerg Ground Armor Level 1  
  84  6:47  Evolution Chamber  
  83  6:49  Drone x3  
  83  6:50  Drone x3  
  83  6:51  Roach x5  
  99  7:10  Extractor  
  99  7:12  Roach x11  
  99  7:14  Zergling x2  
  121  7:22  Infestation Pit  
  120  7:29  Extractor  
  119  7:30  Extractor  
  119  7:34  Zergling x2  
  119  7:35  Zergling x6  
  122  7:39  Hatchery  
  121  7:44  Drone  
  121  7:45  Overlord x2  
  121  7:46  Overlord x2  
  121  8:05  Zergling x6  
  122  8:06  Zergling x14  
  73  8:23  Zergling x16  
Show
View Real Time Build Order
Export as new Build Order

ricemonkey Terran - Winner!

Build Orders: Reaper Expand, MMM Bio 

Get SALT Encoding   

  12  0:00  SCV  
  13  0:12  SCV  
  14  0:17  Supply Depot  
  14  0:25  SCV  
  15  0:39  SCV  
  15  0:41  Barracks  
  16  0:45  Refinery  
  16  0:51  SCV  
  17  1:03  SCV  
  18  1:15  SCV  
  19  1:28  Orbital Command  
  19  1:29  Reaper  
  20  1:40  Command Center  
  20  1:52  Barracks  
  20  1:55  SCV  
  21  2:01  Barracks Reactor  
  21  2:09  Supply Depot, SCV  
  22  2:21  SCV  
  23  2:37  SCV  
  23  2:39  Marine x2  
  23  2:43  Factory  
  26  2:44  Barracks Tech Lab  
  26  2:47  Refinery  
  26  2:49  SCV  
  27  2:52  Orbital Command  
  27  2:57  Marine x2  
  29  3:01  SCV  
  30  3:05  Marine  
  30  3:10  Stimpack  
  31  3:13  SCV  
  31  3:17  Supply Depot, Marine  
  31  3:19  Marine  
  33  3:22  SCV  
  33  3:25  SCV, Marine  
  37  3:35  Starport  
  37  3:39  Factory Reactor, SCV  
  37  3:40  SCV  
  39  3:43  Supply Depot  
  39  3:51  SCV  
  40  4:00  Marine x3  
  40  4:02  SCV  
  44  4:10  SCV  
  45  4:18  Command Center, Marine  
  45  4:23  SCV x2  
  48  4:25  Medivac x2  
  48  4:28  Factory Tech Lab  
  48  4:29  Marine x2  
  54  4:35  Supply Depot  
  54  4:37  Marine  
  54  4:38  SCV  
  56  4:42  Refinery  
  56  4:46  SCV  
  56  4:47  Marine x2  
  56  4:52  Siege Tank  
  62  4:56  Marine  
  62  4:57  SCV  
  64  5:03  Supply Depot  
  64  5:11  Marine x2  
  66  5:14  Marine  
  66  5:17  Engineering Bay  
  66  5:18  Engineering Bay  
  66  5:19  Barracks  
  66  5:20  SCV  
  68  5:22  Barracks  
  68  5:24  Refinery  
  68  5:26  Refinery  
  68  5:29  Marine  
  68  5:31  Marine  
  68  5:32  Marine  
  68  5:35  Orbital Command  
  71  5:36  SCV  
  71  5:55  Marine x2  
  71  5:56  Marine  
  73  6:07  Orbital Command  
  73  6:13  Barracks Reactor, Marine x2  
  73  6:14  Barracks Reactor, Marauder  
  73  6:15  Terran Infantry Weapons Level 1, Terran Infantry Armor Level 1  
  75  6:26  Medivac, Siege Tank  
  75  6:31  Marine x2  
  82  6:35  Marauder  
  84  6:49  Factory, Marine x2  
  84  6:50  Combat Shields, Armory  
  84  6:51  Marine  
  84  6:52  Marine x3  
  90  6:56  SCV x2, Marine  
  93  7:03  SCV  
  93  7:07  Supply Depot, Marine x2  
  96  7:10  Marine x2  
  96  7:12  Supply Depot  
  96  7:14  Marine  
  96  7:15  Marauder  
  101  7:28  Marine  
  102  7:31  Supply Depot, Marine x3  
  102  7:32  Supply Depot, Marine x2  
  102  7:33  Factory Tech Lab  
  102  7:35  Marine  
  108  7:37  SCV  
  108  7:38  SCV  
  110  7:45  Siege Tank  
  110  7:46  Medivac, Marine  
  110  7:49  Marine  
  117  7:52  Marine x4  
  117  7:55  Supply Depot  
  120  7:58  Supply Depot  
Tags
 
Add a new tag
Caveats
  • Supply blocks, unpowered buildings, or Contaminate may cause inaccurate times.
  • Supply counts are checked every 10 seconds.